 Dungeon Crawl Stone Soup version 0.28-b1-70-g80dc712255 (webtiles) character file.

Game seed: 4736862663236307251

36 Sharkman1231 the Skirmisher (level 3, 0/43 HPs)
             Began as a Demonspawn Berserker on Feb 4, 2022.
             Was a Follower of Trog.
             Killed by divine providence
             ... invoked by an orc priest
              (15 damage)
             ... on level 2 of the Dungeon.
             The game lasted 00:01:03 (2089 turns).

Sharkman1231 the Skirmisher (Demonspawn Berserker)  Turns: 2089, Time: 00:01:03

Health: 0/43       AC:  8    Str: 17    XL:     3   Next: 19%
Magic:  3/3        EV: 10    Int: 14    God:    Trog [*.....]
Gold:   43         SH:  0    Dex: 14    Spells: 2/2 levels left

rFire   . . .      SeeInvis .   a - +0 mace
rCold   . . .      Faith    .   (no shield)
rNeg    . . .      Spirit   .   d - +0 scale mail
rPois   .          Reflect  .   f - +2 hat
rElec   .          Harm     .   (no cloak)
rCorr   .          Rampage  .   (no gloves)
Will    .....                   (no boots)
Stlth   ..........              (no amulet)
HPRegen 0.14/turn               c - +6 ring of intelligence
MPRegen 0.08/turn               (no ring)

@: berserking, very quick
A: antennae 1
a: Renounce Religion, Berserk


You were on level 2 of the Dungeon.
You worshipped Trog.
Trog was aware of your devotion.
You visited 1 branch of the dungeon, and saw 2 of its levels.

You collected 43 gold pieces.

Inventory:

Hand Weapons
 a - a +0 mace (weapon)
Missiles
 h - 6 boomerangs (quivered)
Armour
 d - a +0 scale mail (worn)
 f - a +2 hat (worn)
Jewellery
 c - a +6 ring of intelligence (left hand)
Scrolls
 b - 3 scrolls of identify {unknown}
 g - a scroll of enchant armour {unknown}
 i - a scroll of blinking {unknown}
Potions
 e - a potion of attraction {unknown}


   Skills:
 + Level 3.2 Fighting
 * Level 3.2 Maces & Flails
 + Level 0.2 Throwing
 + Level 2.1 Armour
 + Level 2.1 Dodging


You had 2 spell levels left.
You didn't know any spells.
Your spell library was empty.

Dungeon Overview and Level Annotations

Branches:
Dungeon (2/15)

Altars:


Innate Abilities, Weirdness & Mutations

You have a pair of small antennae on your head.


Message History

b - 3 scrolls labelled ITSEKIPTU (gained 1)
An orc comes into view. It is wielding a +0 club.
Found a stone staircase leading down.
The orc shouts!
You hear a shout! x2
The orc throws a boomerang.
The boomerang hits you.
An orc comes into view. It is wielding a +0 short sword.
Found two human skeletons.
The orc shouts!
You hear a shout!
An orc priest comes into view. It is wielding a +0 dagger.
An orc comes into view. It is wielding a +0 trident.
Found 8 gold pieces.
The orc shouts!
The orc hits you but does no damage.
You closely miss the orc. You barely miss the orc priest.
The orc priest hits you with a +0 dagger.
The orc closely misses you.
You hit the orc priest.
The orc priest is moderately wounded.
The orc hits you but does no damage. The orc priest barely misses you.
The orc hits you with a +0 club.
The orc hits you from afar with a +0 trident!
You are too injured to fight recklessly!
Unknown command.
A red film seems to cover your vision as you go berserk!
You feel yourself moving faster!
You feel mighty! The orc hits you but does no damage.
The orc priest hits you but does no damage.
The orc hits you with a +0 club. The orc barely misses you.
You hit the orc priest.
The orc priest is moderately wounded.
The orc barely misses you.
The orc priest hits you but does no damage.
The orc hits you but does no damage. The orc closely misses you.
You hit the orc priest.
The orc priest is severely wounded.
The orc hits you with a +0 short sword.
The orc priest mumbles some strange prayers to Beogh against you.
Beogh smites you!
You die...

.>....# ......#
8.8.......... ......#
...8....#.$.#..
......#
..÷.....#.#.#.#.
......# .
÷..>...........
......#
..............#.#.
....#.#
....#...o.........
......#
......ooo.......#
......# #..@........#.
.###.## #..#..........
.###.# #.............
.....#..#
#.##...####.#
.....#..# #.
#...####.# .###.#..#
#.##........#
.....#..#
#.#.....#######
#.####..# ..........#
..####..#..).........#
#.#


You could see an orc priest and 3 orcs.

Vanquished Creatures
  An adder (D:2)
  A worm (D:2)
  2 ball pythons (D:1)
  A bat (D:1)
  2 endoplasms (D:1)
  2 giant cockroaches (D:2)
  3 hobgoblins
  A kobold (D:1)
  6 frilled lizards
  3 goblins (D:1)
  2 rats
24 creatures vanquished.

Notes
Turn   | Place    | Note
-------+----------+-------------------------------------------
     0 | D:1      | Sharkman1231 the Demonspawn Berserker began the quest for
                  | the Orb.
     0 | D:1      | Reached XP level 1. HP: 18/18 MP: 1/1
   724 | D:1      | Gained mutation: You have a pair of small antennae on your
                  | head. [demonic ancestry]
   724 | D:1      | Reached XP level 2. HP: 23/24 MP: 2/2
  1750 | D:2      | Reached XP level 3. HP: 21/29 MP: 3/3
  2089 | D:2      | Killed from afar by an orc priest

Illustrated notes

Levels and vault maps discovered:
D:1:      psy_arrival_radial02, layout_basic, serial_corexii_hall,
          chequers_hall_statues_corner_a, corexii_hall_statues_i,
          chequers_serial_rivers_room_b, nrook_mini_vaults
D:2:      layout_basic, shapermc_ecumenical_altar_pompeii, uniq_sigmund

Skill      XL: |  1  2 |
---------------+-------+-----
Maces & Flails | 3 |  3.2
Armour         | 2 |  2.1
Dodging        | 2 |  2.1
Fighting       | |  3.2
Throwing       | |  0.2

Action                   || total
-------------------------++-------
Melee: Mace              ||    70
       Punch             ||     3
Invok: Berserk           ||     1
Armor: Scale mail        ||    32
Dodge: Dodged            ||    42
